 Dungeon Crawl Stone Soup version 0.28-a0-863-g8cecda6153 (webtiles) character file.

Game seed: 6011341748562353450

180 BinkBink the Sneak (level 5, -5/36 HPs)
             Began as an Octopode Monk on Nov 20, 2021.
             Slain by Sigmund (15 damage)
             ... on level 3 of the Dungeon.
             The game lasted 00:04:30 (2417 turns).

BinkBink the Sneak (Octopode Monk)                  Turns: 2417, Time: 00:04:30

Health: -5/36      AC:  1    Str: 10    XL:     5   Next: 60%
Magic:  5/5        EV: 14    Int: 13    God:
Gold:   92         SH:  0    Dex: 15    Spells: 4/4 levels left

rFire   . . .      SeeInvis .     - Unarmed
rCold   . . .      Faith    .   (no shield)
rNeg    . . .      Spirit   .   (helmet restricted)
rPois   +          Reflect  .   (no amulet)
rElec   .          Harm     .   b - ring of poison resistance
rCorr   .          Rampage  .   (no ring)
Will    .....                   (no ring)
Stlth   ++++......              (no ring)
HPRegen 0.12/turn               (no ring)
MPRegen 0.09/turn               (no ring)
                                (no ring)
                                (no ring)

@: no status effects
A: almost no armour, amphibious, 8 rings, camouflage 1, gelatinous body 1,
(nimble swimmer 1), tentacles
a: no special abilities


You were on level 3 of the Dungeon.
You visited 1 branch of the dungeon, and saw 3 of its levels.

You collected 92 gold pieces.

Inventory:

Missiles
 i - a throwing net (quivered)
Armour
 c - a +0 buckler
Jewellery
 b - a ring of poison resistance (left tentacle)
Wands
 a - a wand of polymorph (10)
Scrolls
 d - a scroll of amnesia {unknown}
 e - a scroll of noise {unknown}
 f - a scroll of magic mapping {unknown}
Potions
 g - a potion of curing {unknown}
 h - a potion of ambrosia {unknown}


   Skills:
 + Level 3.4 Fighting
 + Level 3.9 Dodging
 + Level 4.8 Stealth
 + Level 4.4 Unarmed Combat


You had 4 spell levels left.
You didn't know any spells.
Your spell library was empty.

Dungeon Overview and Level Annotations

Branches:
Dungeon (3/15)

Altars:

Annotations:
D:3 Sigmund


Innate Abilities, Weirdness & Mutations

You cannot wear most types of armour.
You are amphibious.
You can wear up to eight rings at the same time.
Your skin changes colour to match your surroundings (Stealth+).
Your rubbery body absorbs attacks. (AC +1, EV +1)
((You are camouflaged near water. (Stealth+)))
You have tentacles for arms and can constrict up to eight enemies at once.


Message History

No target in view!
No target in view!
A worm comes into view.
Found 14 stones and a hunting sling.
The bat hits you but does no damage. The bat barely misses you.
You closely miss the bat. Your grab misses the bat. The bat closely misses you.
The bat misses you.
Sigmund the Dreaded comes into view.
He is wielding a +0 scythe.
The bat barely misses you.
You closely miss the bat. You grab the bat. You squeeze the bat.
You kill the bat!
Sigmund shouts!
Sigmund gestures at you while chanting. The magic dart hits you.
Sigmund points at you and mumbles some strange words.
You resist with some effort.
Sigmund casts a spell.
Sigmund flickers and vanishes!
Deactivating autopickup; reactivate with Ctrl-A.
You bludgeon the worm! You grab the worm.
The worm is moderately wounded.
You constrict the worm. Something hits you!
You tentacle-slap the worm. You squeeze the worm.
You kill the worm!
No target in view!
No target in view!
No target in view!
You hear some strange, mumbled words.
Something tries to affect you, but you resist.
You tentacle-slap something but do no damage.
You squeeze something. Something hits you!
You miss something. You tentacle-slap something. Your squeeze misses something.
You closely miss something. Something barely misses you.
You closely miss something. You squeeze something. Something hits you.
* * * LOW HITPOINT WARNING * * *
You closely miss something. You miss something. Something hits you.
* * * LOW HITPOINT WARNING * * *
You tentacle-slap something. Something hits you!
You die...

...# #...# .# ####
#...# .# #### #...# .#
# ...# #...#####.##.
##.# #...[.......
##.########...####..#
.................†..#
...............†....#
.#.#............@...#
.#.##.###.#...#{##..###
.#.##.# #.#........(...
.#.##.#
#.#...#.######.#
......# #.#...#.# #
##.#### #.......#
...########......
#.............≈≈.
#.####..#### .≈P.


There were no monsters in sight!

Vanquished Creatures
  Natasha (thrice) (D:2)
  Robin (D:2)
  3 adders (D:2)
  2 worms
  2 ball pythons
  4 bats
  5 endoplasms
  2 giant cockroaches
  10 hobgoblins
  6 jackals (D:1)
  A quokka (D:2)
  4 frilled lizards (D:1)
  11 goblins
  3 kobolds
  2 rats (D:2)
59 creatures vanquished.

Vanquished Creatures (others)
  A fungus (D:3)
  A plant (D:3)
2 creatures vanquished.

Grand Total: 61 creatures vanquished

Notes
Turn   | Place    | Note
-------+----------+-------------------------------------------
     0 | D:1      | BinkBink the Octopode Monk began the quest for the Orb.
     0 | D:1      | Reached XP level 1. HP: 16/16 MP: 1/1
   400 | D:1      | Reached XP level 2. HP: 21/21 MP: 2/2
  1020 | D:1      | Reached XP level 3. HP: 26/26 MP: 3/3
  1092 | D:2      | Noticed Natasha
  1107 | D:2      | Killed Natasha
  1146 | D:2      | Noticed Natasha
  1152 | D:2      | Reached XP level 4. HP: 21/31 MP: 4/4
  1160 | D:2      | Killed Natasha
  1183 | D:2      | Noticed Natasha
  1205 | D:2      | Killed Natasha
  1486 | D:2      | Reached XP level 5. HP: 35/36 MP: 5/5
  1662 | D:2      | Noticed Robin
  1889 | D:2      | Killed Robin
  2400 | D:3      | Noticed Sigmund
  2417 | D:3      | Slain by Sigmund

Illustrated notes

Levels and vault maps discovered:
D:1:      heliophobic_arrival_henge, layout_loops_ring
D:2:      layout_rooms, hex_intersection, uniq_robin, uniq_natasha
D:3:      layout_loops_cross, shapermc_ecumenical_altar_acropolis,
          eino_tiny_chamber, uniq_sigmund, uniq_crazy_yiuf_cottage, uniq_jessica

Skill      XL: |  1  2  3  4 |
---------------+-------------+-----
Stealth        | 3 4 |  4.8
Unarmed Combat | 4 |  4.4
Fighting       | |  3.4
Dodging        | |  3.9

Action                   |  1- 3 |  4- 6 || total
-------------------------+-------+-------++-------
Melee: Unarmed           |    51 |    96 ||   147
       Tentacles         |    14 |    20 ||    34
       Constrict         |     9 |    22 ||    31
       Punch             |     2 |     3 ||     5
  Use: Potion            |       |     1 ||     1
 Stab: Sleeping          |     8 |     5 ||    13
Armor: Skin              |     3 |     5 ||     8
Dodge: Dodged            |    21 |    80 ||   101

Table legend: (Time is in decaauts)
 A = Elapsed time spent in this place.
 B = Non-inter-level travel time spent in this place.
 C = Inter-level travel time spent in this place.
 D = Time resting spent in this place.
 E = Time spent auto-exploring this place.
 F = Levels seen in this place.
 G = Mean time per level.
                   A        B        C        D        E       F      G
               +--------+--------+--------+--------+--------+-----+--------+
         Total |   2408 |   2340 |     68 |      0 |   1831 |   3 |  802.7 |
       Dungeon |   2408 |   2340 |     68 |      0 |   1831 |   3 |  802.7 |
               +--------+--------+--------+--------+--------+-----+--------+

Top non-repeatable levels by time:
     D:1: 1563 daAuts
     D:2: 703 daAuts
     D:3: 141 daAuts
